Map: Ruins of Seras

Players

ShoWTimE - Winner!

  • Race: Protoss Protoss

HuK

  • Race: Protoss Protoss
  • League: Grandmaster

Event: DreamHack ROCCAT LotV Championship

VOD

Have the link to the VOD?

Description

Time

  • Played on: Nov. 26, 2015, 7:39 a.m.
  • Length: 13:39

All games in this series

Show
View Real Time Build Order
Export as new Build Order

ShoWTimE Protoss - Winner!

Build Orders:  

Get SALT Encoding   

  12  0:00  Probe (Chrono Boost)  
  13  0:11  Probe (Chrono Boost)  
  14  0:18  Pylon  
  14  0:22  Probe (Chrono Boost)  
  15  0:36  Probe (Chrono Boost)  
  15  0:37  Gateway  
  16  0:43  Assimilator  
  16  0:47  Probe (Chrono Boost)  
  17  0:58  Probe (Chrono Boost)  
  17  1:02  Assimilator  
  18  1:05  Gateway  
  18  1:08  Probe (Chrono Boost)  
  19  1:19  Probe (Chrono Boost)  
  19  1:24  Cybernetics Core  
  20  1:29  Probe (Chrono Boost)  
  21  1:35  Pylon  
  21  1:40  Probe (Chrono Boost)  
  22  1:50  Probe (Chrono Boost)  
  23  2:01  Probe (Chrono Boost), Adept x2  
  28  2:02  Warp Gate  
  28  2:07  Pylon  
  28  2:12  Probe (Chrono Boost)  
  29  2:22  Probe (Chrono Boost)  
  30  2:39  Nexus  
  30  2:45  Mothership Core (Chrono Boost)  
  32  2:58  Twilight Council  
  32  3:03  Probe (Chrono Boost)  
  33  3:11  Robotics Facility  
  33  3:13  Probe (Chrono Boost)  
  32  3:24  Probe (Chrono Boost)  
  33  3:27  Pylon  
  33  3:29  Stalker  
  35  3:34  Probe (Chrono Boost)  
  35  3:36  Stalker  
  38  3:45  Probe (Chrono Boost)  
  40  3:55  Probe (Chrono Boost)  
  40  3:56  Probe (Chrono Boost)  
  40  4:01  Observer (Chrono Boost)  
  42  4:06  Probe x2 (Chrono Boost)  
  42  4:14  Twilight Council  
  42  4:15  Stalker, Probe (Chrono Boost)  
  42  4:16  Probe (Chrono Boost)  
  46  4:22  Observer (Chrono Boost)  
  47  4:24  Stalker  
  47  4:26  Probe  
  47  4:28  Probe  
  47  4:29  Assimilator  
  51  4:37  Probe (Chrono Boost)  
  50  4:40  Probe (Chrono Boost)  
  50  4:41  Assimilator  
  50  4:45  Pylon  
  51  4:47  Probe (Chrono Boost)  
  51  4:49  Stalker  
  51  4:52  Probe (Chrono Boost), Blink (Chrono Boost)  
  55  4:57  Probe  
  56  5:02  Pylon  
  56  5:04  Probe  
  57  5:07  Gateway  
  57  5:08  Probe  
  56  5:16  Probe  
  56  5:18  Probe  
  56  5:20  Stalker  
  60  5:21  Stalker  
  62  5:28  Probe  
  62  5:33  Immortal, Probe  
  68  5:40  Probe  
  69  5:43  Probe  
  69  5:49  Pylon  
  70  5:50  Stalker x2  
  70  5:54  Probe x2  
  76  6:05  Probe  
  76  6:06  Probe, Forge  
  78  6:15  Nexus  
  78  6:17  Pylon  
  78  6:19  Probe  
  78  6:20  Probe, Observer  
  80  6:32  Probe  
  80  6:33  Probe  
  80  6:36  Protoss Ground Weapons Level 1 (Chrono Boost)  
  81  6:44  Probe  
  81  6:45  Probe  
  83  6:50  Stalker x3  
  89  6:55  Probe  
  89  6:57  Probe, Pylon  
  91  7:01  Photon Cannon  
  91  7:06  Probe  
  92  7:09  Probe  
  93  7:16  Probe  
  93  7:18  Stalker x3  
  100  7:24  Robotics Facility  
  100  7:25  Probe  
  101  7:36  Pylon  
  101  7:41  Gateway  
  101  7:42  Gateway  
  101  7:45  Gateway  
  101  7:47  Robotics Bay  
  101  7:48  Pylon  
  105  7:51  Immortal (Chrono Boost)  
  103  8:02  Stalker x2  
  103  8:04  Pylon  
  107  8:06  Stalker, Pylon  
  109  8:25  Pylon  
  109  8:27  Protoss Ground Weapons Level 2 (Chrono Boost)  
  109  8:32  Probe  
  109  8:33  Probe x2  
  112  8:34  Disruptor x2 (Chrono Boost)  
  112  8:35  Assimilator x2  
  112  8:40  Stalker x3  
  124  8:44  Probe  
  124  8:45  Stalker  
  124  8:47  Stalker  
  129  8:51  Probe  
  129  8:53  Stalker  
  132  9:07  Disruptor x2 (Chrono Boost)  
  138  9:11  Stalker x2  
  139  9:23  Stalker x4  
  147  9:34  Disruptor x2  
  147  9:39  Stalker x2  
  147  9:42  Photon Cannon  
  147  9:44  Photon Cannon  
  147  9:45  Photon Cannon  
  157  10:02  Nexus  
  157  10:03  Photon Cannon  
  157  10:05  Pylon  
  157  10:10  Stalker  
  157  10:16  Pylon  
  157  10:18  Disruptor  
  157  10:20  Pylon  
  157  10:25  Stargate  
  157  10:27  Stalker x2  
  164  10:30  Disruptor  
  164  10:32  Pylon  
  164  10:33  Photon Cannon  
  167  10:37  Photon Cannon  
  167  10:40  Stalker x2  
  171  10:47  Protoss Ground Weapons Level 3 (Chrono Boost)  
  171  11:00  Pylon  
  171  11:01  Stalker x4  
  171  11:03  Adept  
  181  11:07  Disruptor  
  176  11:18  Probe  
  177  11:19  Probe  
  177  11:21  Probe, Assimilator  
  177  11:24  Assimilator  
  178  11:32  Fleet Beacon  
  178  11:34  Stargate  
  178  11:37  Stalker  
  178  11:38  Stalker, Disruptor  
  185  11:47  Stalker x2  
  189  12:12  Photon Cannon  
  189  12:14  Stalker x2  
  189  12:15  Photon Cannon  
  193  12:23  Pylon  
  193  12:29  Tempest (Chrono Boost)  
  195  12:36  Tempest (Chrono Boost)  
  195  12:47  Observer  
  195  12:48  Pylon  
  195  12:50  Pylon  
  193  13:05  Pylon  
  193  13:07  Photon Cannon  
  193  13:09  Photon Cannon  
Show
View Real Time Build Order
Export as new Build Order

HuK Protoss 

Build Orders: Dark Templar Rush 

Get SALT Encoding   

  12  0:00  Probe (Chrono Boost)  
  13  0:11  Probe (Chrono Boost)  
  14  0:18  Pylon  
  14  0:22  Probe (Chrono Boost)  
  15  0:36  Probe (Chrono Boost), Gateway  
  15  0:42  Assimilator  
  16  0:47  Probe (Chrono Boost)  
  17  0:51  Assimilator  
  17  0:57  Probe (Chrono Boost)  
  17  1:03  Pylon  
  18  1:08  Probe (Chrono Boost)  
  20  1:18  Probe (Chrono Boost)  
  20  1:24  Cybernetics Core  
  20  1:29  Probe (Chrono Boost)  
  21  1:39  Probe (Chrono Boost)  
  22  1:50  Probe (Chrono Boost)  
  23  1:57  Nexus  
  23  2:03  Mothership Core (Chrono Boost)  
  23  2:07  Warp Gate (Chrono Boost)  
  25  2:16  Twilight Council  
  25  2:22  Probe  
  26  2:28  Stalker (Chrono Boost)  
  28  2:37  Probe  
  30  2:51  Probe  
  30  2:54  Dark Shrine  
  30  3:03  Probe  
  30  3:06  Robotics Facility  
  27  3:13  Probe (Chrono Boost)  
  27  3:22  Probe (Chrono Boost)  
  27  3:25  Probe (Chrono Boost)  
  29  3:28  Pylon  
  29  3:33  Probe (Chrono Boost)  
  30  3:36  Probe (Chrono Boost)  
  31  3:43  Probe (Chrono Boost)  
  31  3:48  Gateway  
  32  3:50  Probe (Chrono Boost)  
  32  3:57  Probe (Chrono Boost)  
  33  4:09  Dark Templar  
  34  4:11  Probe (Chrono Boost)  
  34  4:13  Probe (Chrono Boost)  
  36  4:17  Warp Prism (Chrono Boost)  
  36  4:22  Probe  
  36  4:23  Probe  
  40  4:33  Probe  
  40  4:34  Probe  
  40  4:44  Probe  
  40  4:47  Probe  
  40  4:50  Dark Templar x2  
  46  4:54  Probe  
  46  4:55  Immortal (Chrono Boost)  
  51  5:00  Pylon  
  51  5:04  Pylon  
  51  5:09  Probe  
  52  5:17  Probe  
  52  5:19  Assimilator  
  52  5:20  Blink (Chrono Boost)  
  53  5:27  Immortal, Assimilator  
  53  5:30  Probe x2  
  59  5:42  Probe, Pylon  
  60  5:44  Probe  
  60  5:46  Stalker x2  
  65  5:55  Gateway  
  65  5:58  Gateway  
  65  6:03  Observer  
  65  6:08  Gateway  
  66  6:16  Gateway  
  66  6:21  Robotics Bay  
  66  6:22  Pylon  
  67  6:25  Probe  
  67  6:26  Probe  
  72  6:44  Pylon  
  72  6:50  Forge  
  72  6:54  Stalker x2  
  72  7:02  Nexus  
  71  7:09  Probe x2  
  73  7:18  Disruptor  
  73  7:21  Probe  
  74  7:24  Stalker  
  74  7:25  Stalker x3  
  74  7:26  Protoss Ground Weapons Level 1 (Chrono Boost)  
  79  7:37  Nexus  
  79  7:39  Pylon  
  79  7:52  Disruptor  
  79  7:53  Stalker x3  
  88  8:02  Stalker x2  
  88  8:04  Probe  
  88  8:05  Probe  
  94  8:10  Pylon  
  94  8:16  Pylon  
  94  8:23  Disruptor  
  94  8:24  Photon Cannon  
  94  8:28  Probe x2  
  99  8:48  Stalker x3  
  105  8:51  Stalker  
  105  8:54  Disruptor  
  107  9:16  Protoss Ground Weapons Level 2 (Chrono Boost)  
  105  9:23  Probe x2  
  102  9:25  Warp Prism  
  102  9:26  Assimilator x2  
  102  9:27  Gravitic Drive  
  102  9:30  Probe  
  104  9:35  Probe x2, Photon Cannon  
  104  9:37  Stalker, Dark Templar  
  104  9:38  Dark Templar x3  
  117  9:40  Probe  
  118  9:47  Probe  
  119  9:52  Gateway  
  119  9:55  Photon Cannon  
  119  9:56  Gateway  
  119  9:59  Disruptor, Pylon  
  122  10:21  Stalker x3  
  128  10:29  Pylon  
  128  10:31  Pylon  
  128  10:32  Observer  
  128  10:34  Pylon  
  129  10:48  Disruptor  
  114  11:00  Dark Templar x3  
  114  11:01  Dark Templar  
  114  11:03  Probe x2, Zealot x3  
  114  11:19  Disruptor  
  114  11:24  Stalker x3  
  117  11:42  Stalker x2  
  117  11:43  Stalker x2  
  125  11:50  Disruptor  
  125  11:54  Nexus  
  125  11:57  Pylon  
  125  11:59  Pylon  
  128  12:01  Pylon  
  122  12:09  Dark Templar  
  122  12:10  Dark Templar x3  
  122  12:15  Pylon  
  130  12:21  Disruptor, Photon Cannon  
  130  12:23  Photon Cannon  
  130  12:25  Assimilator  
  131  12:30  Assimilator  
  131  12:32  Dark Templar x2, Zealot  
  131  12:48  Stalker x4  
  137  12:52  Disruptor  
  138  13:02  Mothership Core  
  138  13:04  Nexus  
  138  13:14  Photon Cannon  
  138  13:19  Stalker x4  
  146  13:20  Stalker  

Tags
 
Add a new tag
Caveats
  • Supply blocks, unpowered buildings, or Contaminate may cause inaccurate times.
  • Supply counts are checked every 10 seconds.